 Dungeon Crawl Stone Soup version 0.29-a0-1030-gf5f8719cae (webtiles) character file.

Game seed: 9423786793491563358

406 cjcg the Vexing (level 6, 0/28 HPs)
             Began as a Spriggan Enchanter on Aug 14, 2022.
             Slain by a phantom (6 damage)
             ... on level 4 of the Dungeon.
             The game lasted 00:07:46 (6230 turns).

cjcg the Vexing (Spriggan Enchanter)                Turns: 6230, Time: 00:07:47

Health: 0/28       AC:  3    Str:  6    XL:     6   Next: 56%
Magic:  15/15      EV: 17    Int: 17    God:
Gold:   1212       SH:  0    Dex: 15    Spells: 8/16 levels left

rFire   + . .      SeeInvis +   b - +0 dagger
rCold   . . .      Faith    .   (no shield)
rNeg    . . .      Spirit   .   f - +0 robe {rF+}
rPois   .          Reflect  .   (helmet restricted)
rElec   .          Harm     .   i - +0 cloak
rCorr   .          Rampage  .   (gloves unavailable)
Will    +....                   (boots unavailable)
Stlth   +++.......              (no amulet)
HPRegen 0.09/turn               (no ring)
MPRegen 0.14/turn               (no ring)

@: very quick
A: very small, no large weapons, unfitting armour, see invisible, speed 3
a: no special abilities


You were on level 4 of the Dungeon.
You visited 1 branch of the dungeon, and saw 4 of its levels.

You collected 1212 gold pieces.

Inventory:

Hand Weapons
 a - a +0 club
 b - a +0 dagger (weapon)
Missiles
 h - 4 poisoned darts (quivered)
Armour
 f - a +0 robe of fire resistance (worn)
 i - a +0 cloak (worn)
Scrolls
 c - 12 scrolls of fog
Potions
 d - 2 potions of curing
 e - a potion of heal wounds
 g - a potion of cancellation {unknown}
 j - a potion of magic


   Skills:
 - Level 2.6 Dodging
 + Level 6.0 Stealth
 - Level 0.7 Unarmed Combat
 + Level 5.9 Spellcasting
 + Level 6.4 Hexes


You had 8 spell levels left.
You knew the following spells:

 Your Spells              Type           Power      Damage    Failure   Level
a - Ensorcelled Hibernat  Hex/Ice        32%        N/A       5%          2
b - Tukima's Dance        Hex            27%        N/A       2%          3
d - Confusing Touch       Hex            27%        N/A       2%          3

Your spell library contained the following spells:

 Spells                   Type           Power      Damage    Failure   Level
 Dazzling Flash           Conj/Hex       32%        N/A       11%         3
 Magic Dart               Conj           20%        1d4       13%         1
 Sting                    Tmut/Pois      20%        1d4       13%         1
 Call Imp                 Summ           5%         N/A       21%         2
 Poisonous Vapours        Pois/Air       10%        N/A       21%         2
 Static Discharge         Conj/Air       5%         3-4/arc   21%         2
 Mephitic Cloud           Conj/Pois/Air  5%         N/A       36%         3
 Summon Mana Viper        Hex/Summ       16%        N/A       67%         5
 Olgreb's Toxic Radiance  Pois           5%         N/A       78%         4
 Lightning Bolt           Conj/Air       2%         1d14      98%         5
 Summon Forest            Summ/Tloc      2%         N/A       98%         5
 Summon Cactus Giant      Summ           2%         N/A       100%        6
 Maxwell's Capacitive Co  Air            2%         ∞         100%        8


Dungeon Overview and Level Annotations

Branches:
Dungeon (4/15)
 Temple: D:4-7

Altars:
Ashenzari

Annotations:
D:3 3 runed translucent doors, LucemDeus's ghost, amateur SpBr


Innate Abilities, Weirdness & Mutations

You are very small and have problems with some larger weapons.
You are too small for most types of armour.
You have supernaturally acute eyesight. (SInv)
You cover ground extremely quickly. (Speed+++)


Message History

The phantom misses you.
You strike the helpless phantom from behind!
You puncture the phantom!
The phantom is severely damaged.
You hit the phantom but do no damage.
The phantom is severely damaged.
You barely miss the phantom.
The phantom is severely damaged.
You hit the phantom but do no damage.
The phantom is severely damaged.
The phantom hits you.
You are too injured to fight recklessly!
You are too injured to fight recklessly!
You are too injured to fight recklessly!
You are too injured to fight recklessly!
You hit the phantom but do no damage.
The phantom is severely damaged.
The phantom hits you.
You hit the phantom.
The phantom is severely damaged.
You hit the phantom.
The phantom is severely damaged.
You hit the phantom but do no damage.
The phantom is severely damaged.
The phantom hits you but does no damage.
You hit the phantom.
The phantom is severely damaged.
The phantom hits you.
* * * LOW HITPOINT WARNING * * *
The phantom blinks!
You blink.
You hit the phantom but do no damage.
The phantom is severely damaged.
The phantom closely misses you.
You hit the phantom but do no damage.
The phantom is severely damaged.
The phantom closely misses you.
You hit the phantom but do no damage.
The phantom is severely damaged.
The phantom seems less confused.
The phantom hits you.
You die...

#.# #.# .. #.# .#
#.# .# #.# .# #.# .#
#.# .# ###
#.######.#########.#
#..
#.....W@...........#
#.#
########.###########
#.# #.# #.#
#.########### #.#
#...........###.#
###########.....#
#######


You could see a phantom.

Vanquished Creatures
  Edmund (D:4)
  A dancing weapon (D:3)
  A necrophage (D:4)
  A jelly (D:3)
  Jessica (D:3)
  6 adders
  3 worms
  9 orcs
  9 ball pythons
  3 endoplasms
  7 giant cockroaches
  12 goblins
  11 hobgoblins
  4 jackals (D:1)
  5 kobolds
  2 quokkas
  6 bats
  A frilled lizard (D:1)
  7 rats
90 creatures vanquished.

Notes
Turn   | Place    | Note
-------+----------+-------------------------------------------
     0 | D:1      | cjcg the Spriggan Enchanter began the quest for the Orb.
     0 | D:1      | Reached XP level 1. HP: 9/9 MP: 5/5
   431 | D:1      | Found a faded altar of an unknown god.
   499 | D:1      | Reached XP level 2. HP: 10/13 MP: 7/7
   502 | D:1      | Learned a level 2 spell: Ensorcelled Hibernation
  1627 | D:2      | Reached XP level 3. HP: 16/16 MP: 6/9
  1642 | D:2      | Learned a level 3 spell: Tukima's Dance
  1646 | D:2      | Learned a level 3 spell: Confusing Touch
  2519 | D:2      | Found a broken altar of Ashenzari.
  2577 | D:2      | Reached XP level 4. HP: 21/21 MP: 11/11
  2943 | D:2      | Reached skill level 5 in Hexes
  3648 | D:3      | Identified a scroll of acquirement
  3648 | D:3      | Acquired 1004 gold pieces
  4064 | D:3      | Found a runed translucent gate.
  4064 | D:3      | Found a runed translucent gate.
  4064 | D:3      | Found a runed translucent gate.
  4066 | D:3      | Noticed LucemDeus's ghost (amateur SpBr)
  4484 | D:3      | Reached skill level 5 in Spellcasting
  4484 | D:3      | Reached XP level 5. HP: 12/24 MP: 7/13
  4633 | D:3      | Noticed Jessica
  4646 | D:3      | Killed Jessica
  5090 | D:4      | Noticed Edmund
  5443 | D:4      | Killed Edmund
  5444 | D:4      | Reached skill level 5 in Stealth
  5444 | D:4      | Reached XP level 6. HP: 20/28 MP: 11/15
  6230 | D:4      | Slain by a phantom

Illustrated notes

Levels and vault maps discovered:
D:1:      wander_arrival_peaceful_grave, layout_basic, basic_ecumenical_altar,
          st_stairs_13
D:2:      layout_loops_corners, basic_altar
D:3:      layout_loops_ring, gammafunk_ghost_necromancy,
          kennysheep_generic_room_3, uniq_jessica
D:4:      wad_river_or_something, layout_loops_ring, uniq_edmund

Skill      XL: |  1  2  3  4  5  6 |
---------------+-------------------+-----
Spellcasting   | 3 4 5 |  5.9
Hexes          | 4 5 6 |  6.4
Stealth        | 5 6 |  6.0
Dodging        | |  2.6
Unarmed Combat | |  0.7

Action                   |  1- 3 |  4- 6 || total
-------------------------+-------+-------++-------
Melee: Dagger            |   112 |   249 ||   361
       Club              |    10 |       ||    10
       Unarmed           |     3 |       ||     3
       Punch             |     1 |     2 ||     3
 Cast: Ensorcelled Hiber |     9 |    20 ||    29
       Confusing Touch   |       |     6 ||     6
       Tukima's Dance    |       |     2 ||     2
  Use: Scroll            |     1 |     1 ||     2
       Potion            |       |     6 ||     6
 Stab: Sleeping          |    19 |    31 ||    50
       Confused          |       |     6 ||     6
Armor: Robe              |       |    14 ||    14
Dodge: Dodged            |   112 |   171 ||   283

Table legend: (Time is in decaauts)
 A = Elapsed time spent in this place.
 B = Non-inter-level travel time spent in this place.
 C = Inter-level travel time spent in this place.
 D = Time resting spent in this place.
 E = Time spent auto-exploring this place.
 F = Levels seen in this place.
 G = Mean time per level.
                   A        B        C        D        E       F      G
               +--------+--------+--------+--------+--------+-----+--------+
         Total |   5111 |   5055 |     56 |     90 |   4122 |   4 | 1277.8 |
       Dungeon |   5111 |   5055 |     56 |     90 |   4122 |   4 | 1277.8 |
               +--------+--------+--------+--------+--------+-----+--------+

Top non-repeatable levels by time:
     D:2: 1772 daAuts
     D:1: 1269 daAuts
     D:4: 1163 daAuts
     D:3: 905 daAuts
